Match 21986699
Unlisted

Match 21986699
End
Selects Luftwaffe Battlegroup
Selects Luftwaffe Battlegroup
Selects Luftwaffe Battlegroup
Selects Luftwaffe Battlegroup
Selects Luftwaffe Pioneer Support
Fallschirmpioneer Squad Paradrop
Construct Infanterie Kompanie
MG 42 Machine Gun Team
Fallschirmpioneer Squad Paradrop
Infanterie Officer Quarters
Selects Stuka Strafing Run
Fallschirmpioneer Squad Paradrop
Construct Panzergrenadier Kompanie
Selects Fallschirmjäger Squad Paradrop
Fallschirmjäger Squad Paradrop
Medical Station
Pak 40 Anti-tank Gun Team
Stuka Strafing Run
Construct Panzer Kompanie
Selects Stuka Loiter
Fallschirmjäger Squad Paradrop
Panzer IV Medium Tank
Side Skirts
Stuka Loiter
Fallschirmjäger Squad Paradrop
Selects LG40 Recoilless Gun Paradrop
Selects Infantry Reserves
Panzer IV Medium Tank
Fallschirmpioneer Squad Paradrop
Stuka Loiter
Panzer IV Medium Tank
Panzer IV Medium Tank
Fallschirmpioneer Squad Paradrop
Stuka Loiter
Stuka Strafing Run
Panzer Officer Quarters
Stuka Loiter
Panzer IV Medium Tank
Panzer IV Medium Tank
Panzer IV Medium Tank
Fallschirmpioneer Squad Paradrop
Stuka Loiter
Panzer IV Medium Tank
kuzu1
MINAMI
kerem
ShadowStorm
RC40D
make a sparkling water
50ping
Run
0
0

Comments sign in to comment!

No comments posted yet!